 Dungeon Crawl Stone Soup version 0.26-a0-30-g56b8cd3df0 (webtiles) character file.

Game seed: 5232959284525582881, levelgen mode: deterministic

1129 esteth the Conjurer (level 8, -5/41 HPs)
             Began as a Deep Elf Conjurer on June 1, 2020.
             Shot with an arrow by a centaur (10 damage)
             ... on level 5 of the Dungeon.
             The game lasted 00:15:12 (6403 turns).

esteth the Conjurer (Deep Elf Conjurer)             Turns: 6403, Time: 00:15:12

Health: -5/41      AC:  3    Str:  5    XL:     8   Next: 13%
Magic:  17/19      EV: 12    Int: 23    God:
Gold:   291        SH:  0    Dex: 15    Spells: 11/19 levels left

rFire    + + .     SeeInvis .   z - +7 shortbow of the Moon {freeze, rF+}
rCold    . . .     Gourm    .   (shield currently unavailable)
rNeg     . . .     Faith    .   x - +0 leather armour
rPois    +         Spirit   .   (no helmet)
rElec    .         Reflect  .   (no cloak)
rCorr    .         Harm     .   (no gloves)
MR       .....                  (no boots)
Stlth    ++........             (no amulet)
HPRegen  0.13/turn              h - ring of poison resistance
MPRegen  0.16/turn              k - ring of protection from fire

@: no status effects
A: no striking features
a: no special abilities


You were on level 5 of the Dungeon.
You were not hungry.

You visited 1 branch of the dungeon, and saw 5 of its levels.
You also visited: Sewer.

You collected 291 gold pieces.

Inventory:

Hand Weapons
 m - a +0 club
 z - the +7 shortbow of the Moon (weapon) {freeze, rF+}
   (You found it on level 4 of the Dungeon)

   It causes projectiles fired from it to freeze those they strike, causing
   extra injury to most foes and up to half again as much damage against
   particularly susceptible opponents.
   They can also slow down cold-blooded creatures.
   It protects you from fire.
Missiles
 w - 48 arrows (quivered)
Armour
 a - a +0 robe
 x - a +0 leather armour (worn)
Jewellery
 h - a ring of poison resistance (left hand)
 k - a ring of protection from fire (right hand)
 t - an uncursed ring of resist corrosion
 v - an uncursed ring of protection from fire
Scrolls
 b - 2 scrolls of remove curse {unknown}
 f - 8 scrolls of identify
 g - 2 scrolls of magic mapping {unknown}
 i - a scroll of enchant weapon {unknown}
 l - a scroll of enchant armour {unknown}
 q - 4 scrolls of teleportation {unknown}
 y - a scroll of amnesia
 A - a scroll of fog {unknown}
 C - a scroll of immolation {unknown}
Potions
 d - a potion of ambrosia {unknown}
 e - a potion of brilliance
 j - 5 potions of curing {unknown}
 n - 3 potions of magic {unknown}
 o - 3 potions of heal wounds {unknown}
 p - 2 potions of haste {unknown}
 r - 3 potions of flight {unknown}
 s - 2 potions of stabbing {unknown}
 u - a potion of berserk rage {unknown}
Comestibles
 c - 12 rations
 B - 3 chunks of flesh


   Skills:
 - Level 5.3 Bows
 - Level 2.4 Dodging
 - Level 2.4 Stealth
 * Level 6.3 Spellcasting
 * Level 7.5 Conjurations
 * Level 4.7 Hexes
 + Level 1.4 Transmutations


You had 11 spell levels left.
You knew the following spells:

 Your Spells              Type           Power        Failure   Level  Hunger
a - Magic Dart            Conj           ####         1%          1    None
b - Searing Ray           Conj           #####.       1%          2    None
c - Dazzling Flash        Conj/Hex       #####.       3%          3    #......
d - Sticks to Snakes      Tmut           ##......     12%         2    None

Your spell library contained the following spells:

 Spells                   Type           Power        Failure   Level  Hunger
 Corona                   Hex            ####...      1%          1    None
 Beastly Appendage        Tmut           ##....       8%          1    None
 Fulminant Prism          Conj/Hex       #####.....   11%         4    ###....
 Animate Skeleton         Necr           N/A          14%         1    None
 Apportation              Tloc           #.....       14%         1    None
 Summon Small Mammal      Summ           #...         14%         1    None
 Iskenderun's Mystic Bla  Conj/Tloc      ###.....     28%         4    ###....
 Spider Form              Tmut/Pois      ##........   30%         3    #......
 Ice Form                 Ice/Tmut       ##......     71%         4    ###....
 Blade Hands              Tmut           ##........   91%         5    #####..


Dungeon Overview and Level Annotations

Branches:
Dungeon (5/15)              Sewer (visited)
 Temple: D:4-7

Altars:
Dithmenos
Hepliaklqana
Xom


Message History

The centaur shoots an arrow.
The arrow completely misses you.
Firing (i - inventory)
w - 50 arrows (quivered)
Press: ? - help, Shift-Dir - straight line, f/p - centaur
Aim: a centaur, wielding a +0 shortbow and quivering 20 arrows (moderately wounded)
You shoot an arrow. The arrow barely misses the centaur.
The centaur shoots an arrow.
The arrow hits you!
The centaur shoots an arrow.
The arrow hits you!
You are too injured to fight recklessly!
Casting: Searing Ray (safe; 1% risk of failure)
Confirm with . or Enter, or press ? or * to list all spells.
You create a snake!
You now have 48 arrows.
You swap places.
The centaur shoots an arrow.
The arrow misses your ball python. The arrow hits you!
* * * LOW HITPOINT WARNING * * *
You see here an arrow.
Something hits your ball python!
Your ball python dies!
The centaur wields a +0 shortbow.
The centaur shoots an arrow.
The arrow hits you!
You die...

#.....# #######
#.. ... #.# #..c
#.# ... #.# ...
#.# #.# #.# #<#
#.# #.###@#
.###.##.c.(.###
.......(###...##
####..###
###..###### #.
##......# ## #.
♣#..###.# .. #
##.# #.# #.#
#.###.# .#
##.#...##


You could see a centaur.

Vanquished Creatures
  An ice beast (D:5)
  A phantom (D:5)
  2 ogres (D:4)
  A centaur (D:5)
  A big kobold (Sewer)
  2 scorpions
  A howler monkey (D:4)
  An orc priest (D:4)
  A hound (D:4)
  5 orc wizards (D:4)
  2 worker ants (D:4)
  A howler monkey skeleton (D:5)
  11 adders
  An ooze (D:4)
  5 worms
  21 orcs
  7 bats
  5 giant cockroaches
  6 hobgoblins
  8 jackals
  14 kobolds
  5 quokkas
  2 ball pythons
  4 frilled lizards (D:1)
  11 goblins
  A quokka skeleton (D:5)
  10 rats
130 creatures vanquished.

Vanquished Creatures (collateral kills)
  A dart slug (D:4)
1 creature vanquished.

Grand Total: 131 creatures vanquished

Notes
Turn   | Place    | Note
-------+----------+-------------------------------------------
     0 | D:1      | esteth the Deep Elf Conjurer began the quest for the Orb.
     0 | D:1      | Reached XP level 1. HP: 10/10 MP: 6/6
   291 | D:1      | Reached XP level 2. HP: 15/15 MP: 1/8
   602 | D:1      | Reached skill level 5 in Conjurations
   991 | D:1      | Reached XP level 3. HP: 19/19 MP: 5/10
  1507 | D:1      | Learned a level 2 spell: Searing Ray
  1511 | D:1      | Learned a level 3 spell: Dazzling Flash
  1953 | D:2      | Reached skill level 1 in Hexes
  2062 | D:2      | Reached XP level 4. HP: 24/24 MP: 9/12
  2638 | D:3      | Found a glowing drain.
  2692 | Sewer    | Entered a sewer
  2694 | Sewer    | Reached skill level 6 in Conjurations
  2800 | Sewer    | Noticed a big kobold
  2807 | Sewer    | Killed a big kobold
  2807 | Sewer    | Reached XP level 5. HP: 26/28 MP: 1/14
  3043 | Sewer    | Found a white marble altar of Elyvilon.
  3104 | D:3      | Found a hazy altar of Hepliaklqana.
  3671 | D:3      | Learned a level 2 spell: Sticks to Snakes
  4024 | D:4      | Reached skill level 5 in Spellcasting
  4024 | D:4      | Reached XP level 6. HP: 32/32 MP: 6/15
  4195 | D:4      | Got a bloodstained shortbow
  4314 | D:4      | Identified the +7 shortbow of the Moon {freeze, rF+} (You
                  | found it on level 4 of the Dungeon)
  4341 | D:4      | Reached skill level 7 in Conjurations
  4453 | D:4      | Reached skill level 1 in Bows
  4663 | D:4      | Reached XP level 7. HP: 30/36 MP: 17/17
  4783 | D:4      | Found a shadowy altar of Dithmenos.
  5331 | D:4      | Reached skill level 5 in Bows
  5830 | D:5      | Entered Level 5 of the Dungeon
  5920 | D:5      | Found a shimmering altar of Xom.
  5951 | D:5      | Reached skill level 1 in Transmutations
  5959 | D:5      | Reached XP level 8. HP: 12/41 MP: 8/19
  6403 | D:5      | Shot with an arrow by a centaur

Illustrated notes

Levels and vault maps discovered:
D:1:      psy_arrival_statuary, layout_basic
D:2:      layout_rooms, roderic_serpentine_path, minmay_puff
D:3:      layout_loops_ring, overflow_temple_1_default, first_ration,
          gup_sewer_entry_glass
D:4:      layout_loops_corners, nicolae_overflow_crystal_walls,
          due_unseen_surprise
D:5:      cheibrodos_iron_armory, layout_loops_ring, overflow_temple_1_default,
          basic_altar

Skill      XL: |  1  2  3  4  5  6  7 |
---------------+----------------------+-----
Conjurations   | 5 6 7 |  7.5
Spellcasting   | 4 5 6 |  6.3
Hexes          | 1 2 3 4 |  4.7
Bows           | 3 5 |  5.3
Transmutations | 1 |  1.4
Dodging        | |  2.4
Stealth        | |  2.4

Action                   |  1- 3 |  4- 6 |  7- 9 || total
-------------------------+-------+-------+-------++-------
Melee: Dagger            |     9 |       |       ||     9
       Club              |       |     1 |       ||     1
 Fire: Shortbow          |       |    22 |    63 ||    85
 Cast: Magic Dart        |    86 |    56 |    13 ||   155
       Searing Ray       |     7 |    16 |     9 ||    32
       Sticks to Snakes  |       |     4 |     1 ||     5
  Use: Scroll            |     3 |     3 |       ||     6
  Eat: Chunk             |     3 |     8 |     6 ||    17
Armor: Robe              |    10 |     6 |       ||    16
       Leather armour    |       |       |     2 ||     2
Dodge: Dodged            |    41 |    16 |    17 ||    74

Table legend:
 A = Non-vault XP
 B = Vault XP
 C = Vault XP percentage of total XP
 D = Non-vault monster count
 E = Vault monster count
 F = Vault count percentage of total count
                 A         B        C        D         E       F
            +---------+---------+-------+---------+---------+-------
      Total |    1461 |     152 |   9.4 |     113 |      18 |  13.7
            +---------+---------+-------+---------+---------+-------
        D:1 |      57 |       0 |   0.0 |      35 |       0 |   0.0
        D:2 |      76 |      18 |  19.1 |      18 |       4 |  18.2
        D:3 |      51 |      17 |  25.0 |      13 |       3 |  18.8
        D:4 |     793 |       0 |   0.0 |      37 |       0 |   0.0
        D:5 |     484 |       0 |   0.0 |      10 |       0 |   0.0
      Sewer |       0 |     117 | 100.0 |       0 |      11 | 100.0
            +---------+---------+-------+---------+---------+-------
